Map: Ultralove

Players

ManlyManMeat - Winner!

  • Race: Zerg Zerg
  • League: Diamond
  • Spawn Location: 7:00

VOD

Have the link to the VOD?

Description

Time

  • Played on: June 22, 2025, 2:16 p.m.
  • Length: 12:22
Show
View Real Time Build Order
Export as new Build Order

ManlyManMeat Zerg - Winner!

Build Orders:  

Get SALT Encoding   

  12  0:00  Drone  
  13  0:12  Drone  
  14  0:23  Drone, Extractor  
  15  0:31  Overlord  
  15  0:58  Drone  
  16  1:05  Hatchery  
  15  1:13  Drone  
  15  1:18  Drone  
  17  1:21  Drone  
  18  1:41  Extractor  
  18  1:44  Spawning Pool  
  18  1:49  Drone  
  17  1:54  Drone  
  18  2:02  Drone  
  19  2:18  Drone  
  20  2:52  Queen x2  
  20  2:54  Zergling x4  
  20  2:57  Overlord  
  26  3:04  Drone  
  26  3:06  Drone  
  28  3:24  Drone  
  28  3:25  Drone  
  30  3:38  Drone x2  
  32  3:54  Hatchery  
  32  3:57  Drone x2  
  33  4:04  Drone x2  
  33  4:08  Metabolic Boost  
  34  4:23  Drone x2  
  36  4:35  Overlord x2  
  36  4:46  Drone, Extractor  
  36  5:04  Drone  
  36  5:05  Drone x4  
  41  5:19  Drone  
  42  5:20  Drone x2  
  42  5:23  Drone x3  
  47  5:30  Overlord x2  
  47  5:34  Queen  
  47  5:36  Queen  
  51  5:50  Drone x4, Baneling Nest  
  54  6:00  Drone x2  
  56  6:14  Drone x4  
  56  6:15  Drone x2  
  56  6:16  Zergling x2  
  63  6:35  Hatchery  
  63  6:38  Drone x5, Hatchery  
  63  6:39  Drone  
  67  6:40  Evolution Chamber  
  67  6:42  Evolution Chamber  
  67  6:49  Drone x2  
  67  7:12  Lair  
  67  7:15  Overlord x3  
  67  7:16  Overlord  
  67  7:25  Drone x7  
  74  7:42  Drone x3  
  74  7:43  Drone x2  
  79  7:50  Extractor  
  79  7:53  Extractor  
  77  8:00  Overlord  
  77  8:01  Overlord x2  
  77  8:04  Hatchery  
  77  8:06  Baneling x4  
  77  8:09  Zergling x12  
  82  8:12  Zerg Melee Weapons Level 1  
  82  8:13  Zerg Ground Armor Level 1  
  82  8:29  Overlord x2  
  82  8:34  Drone x2  
  84  8:41  Baneling  
  84  8:42  Baneling x3  
  84  8:44  Zergling x22  
  95  8:50  Centrifugal Hooks  
  95  8:59  Queen  
  97  9:03  Zergling x8  
  101  9:16  Zergling x2  
  101  9:17  Zergling x4  
  104  9:26  Queen  
  104  9:29  Queen  
  108  9:35  Zergling x22  
  108  9:36  Zergling x4  
  120  9:54  Zergling x4  
  120  9:55  Zergling x10  
  127  10:05  Queen  
  129  10:11  Zergling x22  
  140  10:29  Zergling x14  
  146  10:40  Zergling x6  
  146  10:41  Zergling x10  
  146  10:44  Overlord x5  
  146  10:45  Overlord  
  154  10:54  Baneling x11  
  154  10:55  Baneling x5  
  154  11:03  Zergling x2  
  154  11:04  Zergling x18  
  164  11:19  Zergling x10  
  169  11:33  Zergling x18  
  169  11:34  Zergling x16  
  186  11:44  Infestation Pit  
  185  11:58  Zergling x28  
Tags
 
League
Diamond
Matchup
Co-op
Replay Pack
Myownreplay2
Add a new tag
Caveats
  • Supply blocks, unpowered buildings, or Contaminate may cause inaccurate times.
  • Supply counts are checked every 10 seconds.